Map: Eternal Empire LE

Players

GOStephano (Stephano)

  • Race: Zerg Zerg
  • League: Grandmaster
  • Spawn Location: 1:00

uwuThermal (uThermal) - Winner!

  • Race: Terran Terran
  • League: Grandmaster
  • Spawn Location: 7:00

Event: DreamHack SC2 Masters 2020 Fall

VOD

Have the link to the VOD?

Description

Time

  • Played on: Sept. 9, 2020, 3:53 p.m.
  • Length: 8:50

All games in this series

Show
View Real Time Build Order
Export as new Build Order

GOStephano Zerg 

Build Orders: Hatch First 

Get SALT Encoding   

  12  0:00  Drone  
  13  0:12  Overlord  
  13  0:16  Drone  
  14  0:30  Drone x2  
  16  0:48  Hatchery  
  15  0:51  Drone  
  15  0:55  Drone  
  17  0:58  Drone  
  18  1:09  Extractor  
  17  1:15  Spawning Pool  
  17  1:18  Drone  
  17  1:22  Drone  
  18  1:29  Drone  
  19  1:39  Drone  
  20  1:50  Drone  
  21  2:01  Queen x2  
  21  2:02  Zergling x4  
  27  2:11  Drone  
  27  2:12  Overlord  
  28  2:26  Hatchery  
  27  2:33  Drone  
  27  2:35  Drone  
  28  2:39  Queen  
  28  2:43  Metabolic Boost  
  30  2:47  Drone  
  30  2:50  Drone  
  32  2:54  Overlord  
  32  2:56  Drone  
  32  2:59  Drone  
  32  3:04  Drone x2  
  35  3:15  Drone x2  
  35  3:16  Queen  
  35  3:18  Drone  
  40  3:20  Drone  
  40  3:25  Overlord  
  41  3:28  Drone  
  42  3:35  Drone  
  42  3:37  Queen  
  42  3:39  Queen  
  42  3:41  Drone  
  48  3:45  Drone  
  48  3:46  Drone  
  50  3:50  Drone  
  50  3:54  Drone x4  
  55  3:57  Zergling x4  
  55  4:00  Overlord  
  57  4:07  Overlord  
  57  4:16  Evolution Chamber x2, Drone  
  56  4:19  Drone x6  
  62  4:24  Drone  
  62  4:25  Drone  
  62  4:26  Drone  
  62  4:27  Drone x2  
  62  4:30  Drone x2  
  69  4:34  Overlord  
  69  4:36  Drone  
  69  4:37  Queen  
  72  4:39  Overlord  
  72  4:43  Extractor  
  71  4:46  Extractor  
  71  4:50  Zerg Ground Armor Level 1  
  71  4:51  Zerg Melee Weapons Level 1  
  71  4:52  Spore Crawler  
  69  4:54  Spore Crawler  
  69  4:56  Extractor  
  69  4:57  Spore Crawler  
  69  4:59  Drone x2  
  68  5:02  Zergling x6  
  68  5:03  Drone x2  
  68  5:06  Drone x4  
  77  5:12  Drone x4  
  77  5:14  Overlord  
  81  5:16  Zergling x2  
  81  5:19  Lair  
  82  5:22  Baneling Nest  
  82  5:25  Extractor  
  82  5:26  Drone x2  
  81  5:39  Zergling x10  
  68  5:43  Zergling x10  
  59  5:59  Drone  
  53  6:04  Drone  
  53  6:08  Drone  
  53  6:10  Drone  
  53  6:15  Drone x2  
  53  6:18  Drone  
  53  6:21  Drone x2  
  53  6:24  Drone  
  56  6:27  Drone  
  56  6:30  Drone x2  
  59  6:35  Drone x3  
  59  6:39  Centrifical Hooks  
  62  6:41  Drone  
  62  6:44  Drone  
  63  6:48  Drone x3  
  63  6:54  Infestation Pit, Drone x2  
  65  6:57  Drone x2  
  65  7:00  Drone  
  70  7:03  Drone x2  
  72  7:08  Drone x2  
  72  7:09  Drone x2  
  76  7:21  Drone x2  
  76  7:22  Hatchery, Drone  
  78  7:25  Overlord  
  78  7:35  Hive  
  78  7:37  Extractor  
  78  7:38  Zergling x4  
  78  7:40  Baneling x4  
  78  7:42  Zergling x2  
  78  7:43  Zergling x2  
  81  7:49  Zergling x10  
  86  7:52  Drone x3  
  86  7:57  Baneling x2  
  88  7:59  Zergling x4  
  90  8:05  Drone  
  90  8:06  Drone x3  
  90  8:09  Zergling x6  
  97  8:21  Drone  
  97  8:22  Overlord x2  
  98  8:29  Baneling x8  
  98  8:30  Overlord  
Show
View Real Time Build Order
Export as new Build Order

uwuThermal Terran - Winner!

Build Orders: Liberator Opening, Reaper Expand 

Get SALT Encoding   

  12  0:00  SCV  
  13  0:12  SCV  
  14  0:17  Supply Depot  
  14  0:24  SCV  
  15  0:38  SCV  
  15  0:40  Barracks  
  15  0:42  Refinery  
  16  0:50  SCV  
  17  1:02  SCV  
  18  1:15  SCV  
  19  1:28  Reaper, Orbital Command  
  20  1:40  Command Center  
  20  1:49  Supply Depot  
  21  1:54  SCV  
  21  1:59  Marine  
  22  2:06  SCV  
  23  2:09  Factory  
  23  2:18  SCV  
  23  2:20  Barracks Reactor  
  24  2:30  SCV  
  25  2:42  SCV  
  26  2:45  Command Center  
  26  2:53  Orbital Command  
  26  2:55  SCV  
  27  3:01  Starport  
  27  3:07  SCV  
  27  3:09  Refinery  
  30  3:13  Hellion  
  30  3:17  Hellion  
  33  3:20  SCV  
  33  3:22  SCV  
  34  3:32  SCV  
  34  3:34  SCV  
  36  3:37  Viking  
  36  3:39  Hellion  
  36  3:41  Hellion  
  42  3:45  SCV  
  42  3:47  SCV  
  44  3:49  Barracks Tech Lab  
  43  3:57  SCV, Orbital Command  
  43  3:59  SCV  
  43  4:01  Hellion  
  47  4:03  Hellion  
  47  4:08  Liberator  
  52  4:14  SCV  
  52  4:15  SCV  
  54  4:17  Supply Depot  
  54  4:23  SCV  
  55  4:26  SCV, Hellion x2  
  60  4:33  SCV  
  60  4:37  Supply Depot, Stimpack  
  61  4:39  SCV x2, Marine  
  61  4:45  SCV  
  65  4:47  Hellion x2  
  65  4:52  Starport Reactor  
  69  4:59  SCV x2, Marine  
  72  5:02  Supply Depot, Barracks  
  72  5:03  Barracks  
  72  5:06  SCV  
  73  5:11  SCV  
  73  5:13  SCV  
  75  5:16  Engineering Bay x2, Marine  
  75  5:17  Refinery  
  75  5:20  Factory Tech Lab  
  77  5:21  SCV  
  77  5:26  SCV  
  77  5:27  Barracks x2  
  78  5:33  SCV  
  78  5:34  Marine  
  80  5:38  SCV  
  80  5:39  Starport Reactor  
  80  5:41  Supply Depot  
  81  5:45  SCV  
  81  5:46  Orbital Command  
  81  5:49  Siege Tank  
  82  5:50  Terran Infantry Weapons Level 1, Terran Infantry Armor Level 1  
  82  5:51  SCV  
  82  5:52  Marine  
  85  6:00  SCV  
  85  6:03  SCV  
  80  6:06  Refinery  
  80  6:07  Supply Depot  
  80  6:09  Supply Depot  
  80  6:10  Marine  
  80  6:11  Marine x4  
  77  6:13  SCV x2  
  77  6:15  SCV  
  77  6:17  Barracks Reactor x2  
  74  6:25  SCV x2, Siege Tank  
  79  6:27  SCV  
  79  6:28  Marine  
  79  6:29  Marine x2  
  79  6:30  Marine  
  79  6:32  Marine  
  85  6:33  Medivac  
  85  6:37  SCV x2  
  85  6:39  SCV  
  90  6:40  Refinery  
  90  6:42  Combat Shield  
  90  6:43  Supply Depot  
  90  6:45  Marine  
  90  6:46  Marine  
  92  6:47  Marine  
  92  6:48  Marine  
  92  6:50  Medivac, Marine, Supply Depot  
  92  6:51  Supply Depot  
  97  6:54  Marine x2  
  97  6:55  Marine x2  
  97  7:01  Supply Depot  
  101  7:03  Medivac, Marine  
  101  7:04  Marine  
  101  7:05  Marine  
  101  7:06  Factory Reactor, Marine  
  107  7:09  Marine  
  107  7:11  Command Center  
  107  7:12  Marine  
  107  7:14  Marine  
  110  7:16  Marine x2  
  110  7:17  Armory  
  110  7:20  Medivac  
  110  7:21  Marine  
  110  7:22  Marine  
  116  7:23  Marine  
  116  7:26  Marine  
  116  7:28  Marine  
  119  7:31  Missile Turret x2  
  119  7:32  Missile Turret, Factory, Marine  
  119  7:34  Supply Depot, Marine  
  119  7:35  Supply Depot  
  119  7:36  Marine  
  122  7:40  Marine x2  
  122  7:41  Supply Depot  
  122  7:43  Widow Mine  
  128  7:44  Widow Mine  
  128  7:47  Medivac  
  128  7:50  Marine x2  
  132  7:55  Supply Depot  
  132  7:59  Supply Depot  
  132  8:01  Medivac, Marine x4  
  132  8:03  Marine  
  132  8:04  Marine  
  140  8:18  Marine x3  
  138  8:23  Widow Mine x3  
  144  8:27  Marine  
  144  8:28  Marine  
  147  8:35  Missile Turret  

Tags
 
Add a new tag
Caveats
  • Supply blocks, unpowered buildings, or Contaminate may cause inaccurate times.
  • Supply counts are checked every 10 seconds.